 Dungeon Crawl Stone Soup version 0.19.1-1-g22dce08 (webtiles) character file.

19 w00t the Digger (level 2, 0/16 HPs)
             Began as a Gargoyle Earth Elementalist on Jan 18, 2017.
             Slain by a gnoll
             ... wielding a +0 club
              (3 damage)
             ... on level 1 of the Dungeon.
             The game lasted 00:00:49 (1063 turns).

w00t the Digger (Gargoyle Earth Elementalist)       Turns: 1063, Time: 00:00:50

Health: 0/16       AC:  5    Str: 11    XL:     2   Next: 75%
Magic:  1/5        EV: 11    Int: 15    God:
Gold:   54         SH:  0    Dex: 10    Spells: 1 memorised, 4 levels left

rFire  . . .     SeeInvis .     i - +0 dagger
rCold  . . .     Gourm    .     h - +0 leather armour
rNeg   + . .     Faith    .     (no shield)
rPois  ∞         Spirit   .     (no helmet)
rElec  +         Reflect  .     (no cloak)
rCorr  .         Harm     .     (no gloves)
MR     .....                    (no boots)
Stlth  ++........               (no amulet)
                                (no ring)
                                (no ring)

@: very slightly contaminated
A: negative energy resistance 1, electricity resistance, unbreathing,
petrification resistance, rot immunity, AC +2
a: no special abilities


You were on level 1 of the Dungeon.
You were not hungry.

You visited 1 branch of the dungeon, and saw 2 of its levels.

You collected 54 gold pieces.

Inventory:

Hand Weapons
 f - a +0 club
 i - a +0 dagger (weapon)
Missiles
 b - 49 stones (quivered)
Armour
 c - a +0 robe
 h - a +0 leather armour (worn)
Scrolls
 a - a scroll of teleportation {unknown}
 k - a scroll of random uselessness {unknown}
 l - 2 scrolls of amnesia {unknown}
 m - a scroll of identify {unknown}
 o - a scroll of remove curse {@r2}
Potions
 j - a potion of curing {unknown}
 n - a potion of haste {unknown}
Books
 e - a book of Geomancy

   Spells                             Type                      Level
   a - Sandblast                      Earth                        1
   b - Passwall                       Transmutation/Earth          2
   c - Stone Arrow                    Conjuration/Earth            3
   d - Petrify                        Transmutation/Earth          4
   e - Lee's Rapid Deconstruction     Earth                        5
Comestibles
 d - a bread ration


   Skills:
 + Level 1.5 Fighting
 - Level 1.5 Dodging
 - Level 2.1 Stealth
 + Level 2.2 Spellcasting
   Level 0.7 Transmutations
 + Level 3.9 Earth Magic


You had 4 spell levels left.
You knew the following spells:

 Your Spells              Type           Power        Failure   Level  Hunger
a - Sandblast             Erth           ##....       6%          1    #......


Dungeon Overview and Level Annotations

Branches:
Dungeon (2/15)

Altars:


Innate Abilities, Weirdness & Mutations

You are resistant to torment.
Your stone body is resilient. (AC +2)
You are immune to poison.
You resist negative energy. (rN+)
You are resistant to electric shocks. (rElec)
You can survive without breathing.
You are immune to petrification.
You are immune to rotting.


Message History

The hobgoblin is severely wounded.
The frilled lizard closely misses you. The gnoll hits you but does no damage.
The gnoll hits you.
* * * LOW HITPOINT WARNING * * *
The hobgoblin hits you but does no damage.
You hit the frilled lizard.
The frilled lizard is heavily wounded.
The frilled lizard closely misses you. The gnoll barely misses you. x2
The hobgoblin closely misses you.
Casting: Sandblast
Confirm with . or Enter, or press ? or * to list all spells.
Aiming: Sandblast
Press: ? - help, Shift-Dir - straight line, f - gnoll
Aim: a gnoll, wielding a club (lightly wounded)
You miscast Sandblast.
You are very lightly contaminated with residual magic.
You feel a surge of energy from the ground.
The frilled lizard bites you but does no damage.
The gnoll hits you with a club.
You die...

#.#...###.# #.## ##.##
#.#....##.###.# ##.#.##
#.#.#...#.....###.###.#
#)#........#####.#####.
#.#..#.##..####........
#....#.###......#.#####
###########....#..##..##.....#
#[.............g.........###.#
..#########.##.g@.......##
#.## ### #.....#gl....#.# #..#
# #..#####.......#####.### #
######.## #....#..).......#
#......# #....##..........
#...#### #######........##
#...# ##.......# #####
#.......# #.......#


You could see 2 gnolls, a hobgoblin and a frilled lizard.

Vanquished Creatures
  A leopard gecko (D:1)
  A bat (D:1)
  A giant cockroach (D:1)
  3 goblins (D:1)
  2 hobgoblins (D:1)
  A jackal (D:1)
  2 kobolds
  2 frilled lizards (D:1)
  4 rats (D:1)
17 creatures vanquished.

Notes
Turn   | Place    | Note
-------+----------+-------------------------------------------
     0 | D:1      | w00t the Gargoyle Earth Elementalist began the quest for the Orb.
     0 | D:1      | Reached XP level 1. HP: 10/10 MP: 3/3
   410 | D:1      | Reached XP level 2. HP: 16/16 MP: 0/5
   475 | D:1      | Reached skill level 1 in Fighting
  1063 | D:1      | Slain by a gnoll

Skill      XL: |  1  2 |
---------------+-------+-----
Fighting       | 1 |  1.5
Dodging        | |  1.5
Stealth        | |  2.1
Spellcasting   | |  2.2
Transmutations | |  0.7
Earth Magic    | |  3.9

Action                   || total
-------------------------++-------
Melee: Dagger            ||    13
       Unarmed           ||     3
       Club              ||     2
Throw: Stone             ||     4
 Cast: Sandblast         ||    30
  Use: Scroll            ||     1
  Eat: Chunk             ||     1
Armor: Leather armour    ||    17
Dodge: Dodged            ||    36
